 Dungeon Crawl Stone Soup version 0.25-a0-280-gfa4545f159 (webtiles) character file.

Game seed: 1081559709270124418, levelgen mode: deterministic

912 night the Purveyor of Pain (level 7, -2/55 HPs)
             Began as a Demonspawn Necromancer on Dec 10, 2019.
             Was an Initiate of Kikubaaqudgha.
             Slain by a wyvern zombie (7 damage)
             ... on level 6 of the Dungeon.
             The game lasted 00:19:11 (5979 turns).

night the Purveyor of Pain (Demonspawn Necromancer) Turns: 5979, Time: 00:19:11

Health: -2/55      AC:  8    Str:  7    XL:     7   Next: 82%
Magic:  14/14      EV: 12    Int: 17    God:    Kikubaaqudgha [......]
Gold:   255        SH:  4    Dex: 14    Spells: 8/16 levels left

rFire    . . .     SeeInvis .   g - +0 short sword
rCold    + . .     Gourm    .   (no shield)
rNeg     . . .     Faith    .   y - +2 robe {rC+}
rPois    .         Spirit   .   (no helmet)
rElec    .         Reflect  .   k - +0 cloak
rCorr    .         Harm     .   d - +0 pair of gloves
MR       .....                  l - +1 pair of boots
Stlth    +.........             (no amulet)
HPRegen  0.18/turn              t - ring of attention (curse)
MPRegen  0.14/turn              s - -2 ring of strength (curse)

@: no status effects
A: talons 1, large bone plates 1, demonic guardian 1
a: Renounce Religion


You were on level 6 of the Dungeon.
You worshipped Kikubaaqudgha.
Kikubaaqudgha was noncommittal.
You were not hungry.

You visited 2 branches of the dungeon, and saw 7 of its levels.

You collected 255 gold pieces.

Inventory:

Hand Weapons
 b - a +0 dagger
 g - a +0 short sword (weapon)
Missiles
 e - 110 stones
 m - 21 bolts
 o - 8 atropa-tipped darts
 r - 9 boomerangs (quivered)
Armour
 a - a +0 robe
 d - a +0 pair of gloves (worn)
 k - a +0 cloak (worn)
 l - a +1 pair of boots (worn)
 y - a +2 robe of cold resistance (worn)
Jewellery
 s - a cursed -2 ring of strength (right hand)
 t - a cursed ring of attention (left hand)
 w - an uncursed ring of poison resistance {unknown}
Wands
 C - a wand of enslavement (8)
Scrolls
 v - 3 scrolls of immolation {unknown}
 B - a scroll of enchant weapon {unknown}
Potions
 f - a potion of brilliance {unknown}
 h - 3 potions of curing
 i - a potion of berserk rage {unknown}
 j - 3 potions of might {unknown}
 n - 2 potions of heal wounds {unknown}
 p - 2 potions of resistance {unknown}
 q - 2 potions of mutation {unknown}
 u - a potion of ambrosia {unknown}
 x - a potion of agility {unknown}
 z - 2 potions of degeneration {unknown}
Comestibles
 c - 4 rations
 A - 3 chunks of flesh


   Skills:
 + Level 4.5 Fighting
 - Level 1.7 Dodging
 - Level 1.7 Stealth
 + Level 5.2 Spellcasting
 + Level 7.3 Necromancy


You had 8 spell levels left.
You knew the following spells:

 Your Spells              Type           Power        Failure   Level  Hunger
a - Pain                  Necr           ####         1%          1    None
b - Vampiric Draining     Necr           ####......   1%          3    ###....
c - Animate Dead          Necr           N/A          7%          4    ####...

Your spell library contained the following spells:

 Spells                   Type           Power        Failure   Level  Hunger
 Animate Skeleton         Necr           N/A          1%          1    None
 Regeneration             Chrm/Necr      ###.......   10%         3    ###....


Dungeon Overview and Level Annotations

Branches:
Dungeon (6/15)             Temple (1/1) D:5

Altars:
Ashenzari
Cheibriados
Dithmenos
Elyvilon
Fedhas
Gozag
Hepliaklqana
Kikubaaqudgha
Makhleb
Nemelex Xobeh
Okawaru
Qazlal
Ru
Sif Muna
Trog
Uskayaw
Zin
The Shining One


Innate Abilities, Weirdness & Mutations

You have sharp toenails.
You are partially covered in large bone plates. (SH +4)
A weak demonic guardian rushes to your aid.


Message History

* * * LOW HITPOINT WARNING * * *
You hit the wyvern zombie.
The wyvern zombie is severely damaged.
The wyvern zombie closely misses you.
You hit the wyvern zombie.
The wyvern zombie is severely damaged.
You block the wyvern zombie's attack. The wyvern zombie closely misses you.
You hit the wyvern zombie.
The wyvern zombie is severely damaged.
The wyvern zombie bites you.
* * * LOW HITPOINT WARNING * * *
You hit the wyvern zombie.
The wyvern zombie is almost destroyed.
The wyvern zombie bites you.
* * * LOW HITPOINT WARNING * * *
You hit the wyvern zombie.
The wyvern zombie is almost destroyed.
The wyvern zombie bites you!
You die...
Kikubaaqudgha rasps: "You have failed me!
Welcome... death!"

### ###### ...
#######....# #.###
#<)†.##.##.# ###...#
####.##.##.# #...#.#
#.##.##.# #.#.#.#
####...)##.# #.#.#.#
#....##.##.###.....#
#....#####...@Z..###
#......# #########
..........+
#.####....# # #....#
######


You could see a wyvern zombie.

Vanquished Creatures
  Duvessa (D:6)
  A phantom (D:4)
  An ogre (D:4)
  Dowan (D:6)
  A water moccasin zombie (D:2)
  A scorpion (D:4)
  A bullfrog zombie (D:5)
  A bullfrog skeleton (D:4)
  2 hounds
  An orc wizard (D:5)
  An iguana (D:4)
  3 worker ants (D:4)
  An adder (D:4)
  3 oozes
  A worm (D:5)
  6 dart slugs
  A leopard gecko (D:4)
  8 orcs
  4 giant cockroaches
  8 goblins
  13 hobgoblins
  12 jackals
  16 kobolds
  3 ball pythons
  12 bats
  4 frilled lizards
  A leopard gecko zombie (D:5)
  A quokka skeleton (D:5)
  4 rats
113 creatures vanquished.

Vanquished Creatures (collateral kills)
  An ogre (D:4)
  A hound (D:6)
  2 orc wizards
  An iguana (D:4)
  A worker ant (D:4)
  2 adders (D:4)
8 creatures vanquished.

Grand Total: 121 creatures vanquished

Notes
Turn   | Place    | Note
-------+----------+-------------------------------------------
     0 | D:1      | night the Demonspawn Necromancer began the quest for the
                  | Orb.
     0 | D:1      | Reached XP level 1. HP: 13/13 MP: 3/3
   504 | D:1      | Gained mutation: A weak demonic guardian rushes to your
                  | aid. [demonic ancestry]
   504 | D:1      | Reached XP level 2. HP: 17/19 MP: 1/5
  1275 | D:1      | Reached skill level 5 in Necromancy
  1275 | D:1      | Gained mutation: You have sharp toenails. [demonic
                  | ancestry]
  1275 | D:1      | Reached XP level 3. HP: 24/24 MP: 5/7
  1317 | D:1      | Learned a level 3 spell: Vampiric Draining
  2506 | D:2      | Reached XP level 4. HP: 27/31 MP: 3/8
  2529 | D:2      | Reached skill level 1 in Fighting
  2891 | D:2      | Found a shattered altar of Ashenzari.
  3026 | D:2      | Reached XP level 5. HP: 27/38 MP: 4/10
  3173 | D:3      | You fall into a shaft and drop 1 floor!
  3323 | D:4      | Noticed a phantom
  3399 | D:4      | HP: 1/38 [phantom (9)]
  3489 | D:4      | Killed a phantom
  3841 | D:4      | Reached skill level 6 in Necromancy
  3847 | D:4      | Learned a level 4 spell: Animate Dead
  3856 | D:4      | Found a glowing golden altar of the Shining One.
  3871 | D:4      | Gained mutation: You are partially covered in large bone
                  | plates. (SH +4) [demonic ancestry]
  3871 | D:4      | Reached XP level 6. HP: 44/46 MP: 6/11
  4279 | D:4      | Reached XP level 7. HP: 37/52 MP: 3/13
  4371 | D:4      | Found an opulent altar of Gozag.
  4498 | D:5      | Entered Level 5 of the Dungeon
  4527 | D:5      | Found a bloodstained altar of Trog.
  5172 | D:5      | Found a staircase to the Ecumenical Temple.
  5182 | Temple   | Entered the Ecumenical Temple
  5239 | Temple   | Became a worshipper of Kikubaaqudgha
  5274 | D:5      | Reached skill level 7 in Necromancy
  5513 | D:5      | Found a hazy altar of Hepliaklqana.
  5787 | D:6      | Noticed Duvessa
  5787 | D:6      | Noticed Dowan
  5800 | D:6      | Killed Duvessa
  5800 | D:6      | Reached skill level 5 in Spellcasting
  5838 | D:6      | Killed Dowan
  5979 | D:6      | Slain by a wyvern zombie

Levels and vault maps discovered:
D:1:      dpeg_arrival_simpleton_b, layout_loops_ring
D:2:      layout_basic, nicolae_overflow_crystal_walls
D:3:      layout_rooms
D:4:      layout_basic, tso_metal_star, old_standard_altar,
          minmay_goblin_kobold_house
D:5:      layout_basic, marbit_many_paths, old_standard_altar,
          minmay_temple_entry_drinking_statues, first_ration
D:6:      layout_basic, xom_teletrap_fun, uniq_edmund, uniq_blork_the_orc,
          uniq_duvessa
Temple:   nicolae_temple_god_jail

Skill      XL: |  1  2  3  4  5  6  7 |
---------------+----------------------+-----
Necromancy     | 5 6 7 |  7.3
Spellcasting   | 3 4 5 |  5.2
Fighting       | 1 2 3 4 |  4.5
Dodging        | |  1.7
Stealth        | |  1.7

Action                   |  1- 3 |  4- 6 |  7- 9 || total
-------------------------+-------+-------+-------++-------
Melee: Unarmed           |     4 |       |       ||     4
       Dagger            |    19 |       |       ||    19
       Short sword       |    22 |    67 |   208 ||   297
       Kick              |     3 |     2 |       ||     5
Throw: Stone             |       |    25 |       ||    25
       Boomerang         |       |       |     2 ||     2
 Cast: Pain              |    77 |    95 |    45 ||   217
       Vampiric Draining |     1 |     1 |     2 ||     4
       Animate Dead      |       |       |     3 ||     3
  Use: Scroll            |       |     5 |       ||     5
 Stab: Sleeping          |     2 |     1 |       ||     3
       Distracted        |       |     5 |       ||     5
  Eat: Chunk             |     5 |     6 |     3 ||    14
       Ration            |       |       |     1 ||     1
Armor: Robe              |    16 |    18 |    51 ||    85
Dodge: Dodged            |    56 |    49 |   101 ||   206
Block: Other             |       |     5 |    34 ||    39

Table legend:
 A = Non-vault XP
 B = Vault XP
 C = Vault XP percentage of total XP
 D = Non-vault monster count
 E = Vault monster count
 F = Vault count percentage of total count
                 A         B        C        D         E       F
            +---------+---------+-------+---------+---------+-------
      Total |    1072 |     231 |  17.7 |     112 |       9 |   7.4
            +---------+---------+-------+---------+---------+-------
        D:1 |      81 |       0 |   0.0 |      38 |       0 |   0.0
        D:2 |     115 |       0 |   0.0 |      30 |       0 |   0.0
        D:3 |       7 |       0 |   0.0 |       4 |       0 |   0.0
        D:4 |     666 |       7 |   1.0 |      25 |       6 |  19.4
        D:5 |     182 |       1 |   0.5 |      14 |       1 |   6.7
        D:6 |      21 |     223 |  91.4 |       1 |       2 |  66.7
            +---------+---------+-------+---------+---------+-------
